 Dungeon Crawl Stone Soup version 0.29.1-13-g9f3cf754e1 (webtiles) character file.

Game seed: 969194416951143273

455 jondo1214 the Chopper (level 7, -8/61 HPs)
             Began as a Hill Orc Fighter on Jan 30, 2023.
             Mangled by a kobold
             ... wielding a +2 whip of electrocution
              (15 damage)
             ... on level 4 of the Dungeon on Jan 31, 2023.
             The game lasted 00:10:18 (2990 turns).

jondo1214 the Chopper (Hill Orc Fighter)            Turns: 2990, Time: 00:10:19

Health: -8/61      AC: 10    Str: 21    XL:     7   Next: 5%
Magic:  7/7        EV:  9    Int:  8    God:
Gold:   149        SH:  4    Dex: 10    Spells: 6/6 levels left

rFire   . . .      SeeInvis .   a - +0 war axe
rCold   . . .      Faith    .   c - +0 buckler
rNeg    . . .      Spirit   .   b - +0 scale mail
rPois   .          Reflect  .   f - +1 helmet
rElec   .          Harm     .   (no cloak)
rCorr   .          Rampage  .   (no gloves)
Will    .....                   g - +0 pair of boots
Stlth   ..........              (no amulet)
HPRegen 0.20/turn               (no ring)
MPRegen 0.10/turn               (no ring)

@: no status effects
A: no striking features
a: no special abilities


You were on level 4 of the Dungeon.
You visited 1 branch of the dungeon, and saw 4 of its levels.
You also visited: Sewer.

You collected 149 gold pieces.

Inventory:

Hand Weapons
 a - a +0 war axe (weapon)
Missiles
 j - 5 poisoned darts (quivered)
Armour
 b - a +0 scale mail (worn)
 c - a +0 buckler (worn)
 f - a +1 helmet (worn)
 g - a +0 pair of boots (worn)
 m - a +0 chain mail
Scrolls
 k - 2 scrolls of amnesia
 l - 2 scrolls of vulnerability
 o - 2 scrolls of identify
Potions
 d - a potion of might
 e - a potion of flight
 h - 2 potions of invisibility {unknown}
 i - 2 potions of magic {unknown}
 n - 2 potions of resistance {unknown}
 p - a potion of haste {unknown}


   Skills:
 * Level 5.0 Fighting
 * Level 6.3 Axes
 * Level 2.2 Throwing
 * Level 4.4 Armour
 + Level 0.9 Dodging
 * Level 4.0 Shields


You had 6 spell levels left.
You didn't know any spells.
Your spell library contained the following spells:

 Spells                   Type           Power      Damage    Failure   Level
 Magic Dart               Conj           0%         1d3       83%         1
 Shock                    Conj/Air       0%         1d3       83%         1
 Summon Small Mammal      Summ           0%         N/A       83%         1
 Searing Ray              Conj           0%         2d4       92%         2
 Call Canine Familiar     Summ           0%         N/A       99%         3
 Summon Guardian Golem    Hex/Summ       0%         N/A       99%         3
 Swiftness                Air            0%         N/A       99%         3
 Airstrike                Air            0%         2d(0-16)  100%        4
 Fulminant Prism          Conj/Hex       0%         3d6       100%        4


Dungeon Overview and Level Annotations

Branches:
Dungeon (4/15)              Sewer (visited)
 Temple: D:4-7

Altars:
Dithmenos
Trog

Shops:
D:1 [


Message History

You miss the ufetubus.
The ufetubus is heavily wounded.
You block the ufetubus's attack. x2
You closely miss the ufetubus.
The ufetubus is heavily wounded.
The ufetubus hits you but does no damage.
You block the ufetubus's attack. x2
The ufetubus hits you but does no damage.
You barely miss the ufetubus.
The ufetubus is heavily wounded.
The ufetubus hits you but does no damage.
The ufetubus hits you. You block the ufetubus's attack.
The ufetubus hits you but does no damage.
You slash the ufetubus!
You kill the ufetubus!
Things that are here:
a hobgoblin corpse; an iguana corpse
Things that are here:
a +0 hand axe; a +0 dagger; an orc corpse
Things that are here:
a +0 club; a +0 leather armour You start resting.
You hear the slow hiss of a very distant avalanche of sand.
Things that are here:
a +0 hand axe; a +0 dagger; an orc corpse You now have 149 gold pieces (gained 12).
You start resting.
A kobold comes into view.
It is wielding a +2 whip of electrocution.
The kobold shouts!
The kobold throws a stone.
The stone closely misses you.
Found 15 gold pieces.
The kobold hits you with a +2 whip of electrocution.
You are electrocuted!
* * * LOW HITPOINT WARNING * * *
You hit the kobold.
The kobold is moderately wounded.
The kobold hits you with a +2 whip of electrocution.
* * * LOW HITPOINT WARNING * * *
You are electrocuted!
You die...

............#
.......(...... #
..........#...#.
.............#.#
............##.# .
.........##....## ...
..........##....####....
........................
.##..†...###....@K......
.#....##..#....#.#......
.......##.#....### .....
.##.....#.......... ....
......))..####..#... ..$
.......†.## ....... ..
.......### #...... .
........... ...#...
....(....... .###.


You could see a kobold.

Vanquished Creatures
  A sky beast (D:4)
  A hound (D:4)
  3 jellies (Sewer)
  Jessica (D:2)
  2 iguanas (D:4)
  5 adders
  3 river rats
  An ufetubus (D:4)
  A dart slug (D:3)
  8 orcs
  A bat skeleton (D:2)
  2 bat zombies (D:2)
  15 endoplasms
  6 giant cockroaches
  4 goblins
  4 hobgoblins
  2 jackals (D:1)
  2 kobolds (D:1)
  3 quokkas
  7 ball pythons
  A ball python skeleton (D:2)
  A ball python zombie (D:2)
  5 bats
  6 frilled lizards
  8 rats
93 creatures vanquished.

Notes
Turn   | Place    | Note
-------+----------+-------------------------------------------
     0 | D:1      | jondo1214 the Hill Orc Fighter began the quest for the Orb.
     0 | D:1      | Reached XP level 1. HP: 19/19 MP: 1/1
    77 | D:1      | Reached XP level 2. HP: 27/27 MP: 2/2
   148 | D:1      | Reached skill level 3 in Axes
   310 | D:1      | Found Woiloan's Antique Armour Shoppe.
   322 | D:1      | Reached XP level 3. HP: 29/33 MP: 3/3
   491 | D:2      | Noticed Jessica
   504 | D:2      | Killed Jessica
   505 | D:2      | Reached skill level 4 in Axes
   513 | D:2      | Reached XP level 4. HP: 33/40 MP: 4/4
   621 | D:2      | Found a faded altar of an unknown god.
  1204 | D:3      | Found a shadowy altar of Dithmenos.
  1264 | D:3      | Found a bloodstained altar of Trog.
  1433 | D:3      | Found a glowing drain.
  1437 | Sewer    | Entered a sewer
  1603 | Sewer    | Reached skill level 1 in Throwing
  1603 | Sewer    | Reached XP level 5. HP: 47/47 MP: 5/5
  1764 | Sewer    | Reached skill level 5 in Axes
  1920 | Sewer    | Found a viscous altar of Jiyva.
  1943 | Sewer    | Reached XP level 6. HP: 13/53 MP: 6/6
  2826 | D:4      | Noticed a sky beast
  2842 | D:4      | Killed a sky beast
  2843 | D:4      | Reached skill level 5 in Fighting
  2843 | D:4      | Reached skill level 6 in Axes
  2949 | D:4      | Reached XP level 7. HP: 26/61 MP: 7/7
  2990 | D:4      | Mangled by a kobold

Illustrated notes

Levels and vault maps discovered:
D:1:      heliophobic_arrival_battle_scene, layout_rooms, serial_shops, shop
D:2:      layout_rooms, serial_undead, serial_undead_c, serial_undead_f,
          serial_undead_b, serial_undead_d, serial_undead_c, serial_undead_c,
          hellmonk_ecumenical_altar_leap_of_faith, uniq_jessica
D:3:      layout_basic, nicolae_dithmenos_shadow_blocks, lemuel_crystal_altar,
          serial_co_window_serial, co_window_corner_a, co_window_paths_a,
          co_window_paths_a, co_window_paths_a, co_window_corner_a,
          co_window_corner_a, co_window_corner_a, co_window_corner_ca,
          co_window_broadway_b, co_window_of_opportunity_c, co_window_cross_2,
          co_window_paths_c, co_window_of_opportunity_c,
          co_window_unsneaky_path_c, gup_sewer_entry_bowl,
          chequers_serial_rivers_micro_e
D:4:      layout_layer_cave, lightli_ossuary_entry_decrepit_ruins

Skill      XL: |  1  2  3  4  5  6  7 |
---------------+----------------------+-----
Axes           | 3 4 5 6 |  6.3
Fighting       | 4 5 |  5.0
Throwing       | 1 2 |  2.2
Armour         | 4 |  4.4
Shields        | 4 |  4.0
Dodging        | |  0.9

Action                   |  1- 3 |  4- 6 |  7- 9 || total
-------------------------+-------+-------+-------++-------
Melee: War axe           |    63 |   168 |    13 ||   244
Throw: Dart              |     1 |       |       ||     1
  Use: Scroll            |     5 |     3 |       ||     8
Armor: Scale mail        |    39 |    82 |    17 ||   138
Dodge: Dodged            |    32 |   102 |    12 ||   146
Block: Buckler           |    16 |    46 |    13 ||    75
